 Dungeon Crawl Stone Soup version 0.20.0-10-g0535bb4 (webtiles) character file.

12819 Zwobot the Covert (level 11, -6/83 HPs)
             Began as a Demonspawn Enchanter on June 6, 2017.
             Was an Initiate of Gozag.
             Mangled by a five-headed hydra (9 damage)
             ... on level 12 of the Dungeon.
             The game lasted 00:47:07 (12630 turns).

Zwobot the Covert (Demonspawn Enchanter)           Turns: 12630, Time: 00:47:08

Health: -6/83      AC: 11    Str: 14    XL:     11   Next: 67%
Magic:  0/20       EV: 16    Int: 17    God:    Gozag
Gold:   398        SH:  0    Dex: 16    Spells: 13/22 levels left

rFire    + . .     SeeInvis .   y - +0 dagger (venom)
rCold    . . .     Gourm    .   (no shield)
rNeg     . . .     Faith    .   O - +1 leather armour of Xomoul {+Blink Regen+ Str+4}
rPois    .         Spirit   +   (helmet restricted)
rElec    +         Reflect  .   q - +0 cloak
rCorr    .         Harm     .   k - +0 pair of gloves
MR       .....                  P - +1 pair of boots
Stlth    ++++......             (no amulet)
Regen    0.7/turn               i - ring of Uzavov {rElec rF+ Int-2 Dex+3}
MPRegen  0.4/turn               (no ring)

@: no status effects
A: horns 2, slimy green scales 2, powered by death 1, magic shield, magic
regeneration
a: Potion Petition, Call Merchant, Bribe Branch, Renounce Religion, Evoke Blink


You were on level 12 of the Dungeon.
You worshipped Gozag.
Gozag was aware of your devotion.
You were not hungry.

You visited 2 branches of the dungeon, and saw 13 of its levels.

You collected 2188 gold pieces.
You spent 369 gold pieces at shops.
You paid 1421 gold pieces to Gozag.

Inventory:

Hand Weapons
 a - a +2 dagger
 w - a +0 hand crossbow
 y - a +0 dagger of venom (weapon)
 K - a +2 rapier of flaming
 N - a +1 dagger of chaos
Missiles
 C - a throwing net (quivered)
Armour
 k - a +0 pair of gloves (worn)
 q - a +0 cloak (worn)
 O - the +1 leather armour of Xomoul (worn) {+Blink Regen+ Str+4}
   (You bought it in a shop on level 7 of the Dungeon)

   It affects your strength (+4).
   It lets you blink.
   It increases your rate of regeneration.
 P - a +1 pair of boots (worn)
Jewellery
 i - the ring of Uzavov (left hand) {rElec rF+ Int-2 Dex+3}
   (You found it on level 8 of the Dungeon)

   [ring of protection from fire]

   It affects your intelligence (-2).
   It affects your dexterity (+3).
   It protects you from fire.
   It insulates you from electricity.
Wands
 j - a wand of random effects (32/48)
 D - a wand of flame (0/48)
 E - a wand of confusion (10/48)
 H - a wand of polymorph (15/24)
 R - a wand of polymorph (18/24)
 W - a wand of lightning (7/15)
Scrolls
 g - 2 scrolls of immolation {unknown}
 l - 6 scrolls of recharging {unknown}
 m - 4 scrolls of magic mapping
 n - a scroll of blinking {unknown}
 o - 3 scrolls of remove curse
 p - a scroll of vulnerability {unknown}
 s - 5 scrolls of teleportation
 t - 2 scrolls of enchant weapon
 v - 3 scrolls of amnesia {unknown}
 B - 2 scrolls of enchant armour
 Q - a scroll of silence {unknown}
 S - 2 scrolls of identify
 U - a scroll of fear {unknown}
Potions
 r - 2 potions of mutation
 u - a potion of berserk rage
 x - a potion of cancellation
 z - a potion of brilliance
 A - 2 potions of flight
 G - 2 potions of invisibility {unknown}
 I - a potion of curing {unknown}
 J - 2 potions of degeneration {unknown}
 L - 2 potions of lignification {unknown}
 M - 5 potions of haste
 T - a potion of might {unknown}
Books
 b - a book of Power

   Spells                             Type                      Level
   a - Iskenderun's Battlesphere      Conjuration/Charms           5
   b - Venom Bolt                     Conjuration/Poison           5
   c - Bolt of Magma                  Conjuration/Fire/Earth       5
   d - Iron Shot                      Conjuration/Earth            6
   e - Orb of Destruction             Conjuration                  7
   f - Spellforged Servitor           Conjuration/Summoning        7
 c - a book of Maledictions

   Spells                             Type                      Level
   a - Corona                         Hexes                        1
   b - Ensorcelled Hibernation        Hexes/Ice                    2
   c - Confuse                        Hexes                        3
   d - Tukima's Dance                 Hexes                        3
   e - Dazzling Spray                 Conjuration/Hexes            3
 F - a book of Air

   Spells                             Type                      Level
   a - Shock                          Conjuration/Air              1
   b - Swiftness                      Charms/Air                   2
   c - Static Discharge               Conjuration/Air              3
   d - Airstrike                      Air                          4
   e - Lightning Bolt                 Conjuration/Air              5
 V - a book of Conjurations

   Spells                             Type                      Level
   a - Magic Dart                     Conjuration                  1
   b - Searing Ray                    Conjuration                  2
   c - Dazzling Spray                 Conjuration/Hexes            3
   d - Fulminant Prism                Conjuration/Hexes            4
   e - Force Lance                    Conjuration/Translocation    4
   f - Iskenderun's Mystic Blast      Conjuration                  4
Comestibles
 d - 11 bread rations
 f - 8 royal jellies


   Skills:
 + Level 6.8 Fighting
 + Level 8.4 Short Blades
 + Level 6.5 Dodging
 + Level 10.0 Stealth
 - Level 6.2 Spellcasting
 - Level 6.5 Hexes
 - Level 3.0 Ice Magic


You had 13 spell levels left.
You knew the following spells:

 Your Spells              Type           Power        Failure   Level  Hunger
a - Ensorcelled Hibernat  Hex/Ice        ###...       3%          2    None
b - Corona                Hex            ####...      1%          1    None
c - Tukima's Dance        Hex            ####....     3%          3    ##.....
d - Confuse               Hex            ####....     3%          3    ##.....


Dungeon Overview and Level Annotations

Branches:
Dungeon (12/15)            Temple (1/1) D:4            Lair (0/6) D:10
    Orc (0/2) D:10

Altars:
Ashenzari
Cheibriados
Dithmenos
Elyvilon
Fedhas
Gozag
Hepliaklqana
Kikubaaqudgha
Makhleb
Nemelex Xobeh
Okawaru
Qazlal
Ru
Sif Muna
Trog
Uskayaw
Vehumet
Xom
Yredelemnul
Zin
The Shining One

Shops:
D:7 [   D:8 (=   D:10 *   D:11 (   D:12 ?

Portals:
Trove: D:10 (give +5 fire dragon scales)

Annotations:
D:5 exclusion: moth of wrath
D:10 Erolcha


Innate Abilities, Weirdness & Mutations

You have a pair of horns on your head.
You are mostly covered in slimy green scales. (AC +3)
You regenerate a little health from kills.
When hurt, damage is shared between your health and your magic reserves.
You regenerate magic rapidly.


Message History

Okay, then.
Okay, then.
Magic courses through your body.
The five-headed hydra bites you but does no damage.
The five-headed hydra bites you!
* * * LOW HITPOINT WARNING * * *
The five-headed hydra barely misses you.
The five-headed hydra bites you but does no damage.
The five-headed hydra bites you!
* * * LOW HITPOINT WARNING * * *
The five-headed hydra barely misses you.
The five-headed hydra bites you!
* * * LOW HITPOINT WARNING * * *
The five-headed hydra bites you!
* * * LOW HITPOINT WARNING * * *
The five-headed hydra bites you!
* * * LOW HITPOINT WARNING * * *
The five-headed hydra bites you!
You die...
Your body crumbles into a pile of gold.

............# ############
.(..........# #..........#
............#
#..........###
............###.>..........
............#............#
............#.#..........#
............#o#..........#
.....<....o.'.#Do.).)....#
$
............###.@.)......#
............# ##a#########
............# #.).#
###..######## ###.#
...####### #.# #
..........# ###'####### #
..........# ###.........#
#####
........####.'.........#
#....
........'....#.........#
#....


You could see a five-headed hydra, a worker ant (wandering) and an orc.

Vanquished Creatures
  A vault guard (D:10)
  Nergalle (D:10)
  The ghost of DogShitOnMyToe the Basher, a novice VSAs of Makhleb (D:8)
  An unseen horror (D:11)
  3 ugly things
  Maurice (D:9)
  Psyche (D:8)
  A komodo dragon (D:10)
  2 trolls
  A hornet (D:8)
  Prince Ribbit (D:7)
  4 hippogriffs
  Sigmund (D:3)
  Grum (D:10)
  4 hogs (D:7)
  A human (D:7)
  A hungry ghost (D:7)
  4 sky beasts
  A black bear (D:12)
  5 orc warriors
  4 ice beasts
  4 ogres
  3 phantoms
  3 wolves (D:10)
  7 centaurs
  2 big kobolds (D:11)
  7 bullfrogs
  A water moccasin zombie (D:7)
  4 scorpions
  6 killer bees (D:10)
  A howler monkey (D:6)
  2 electric eels (D:12)
  A crimson imp (D:8)
  7 hounds
  A bullfrog zombie (D:7)
  3 jellies (D:10)
  A quasit (D:8)
  5 orc priests
  A bullfrog skeleton (D:6)
  6 orc wizards
  A centaur skeleton (D:12)
  Crazy Yiuf (D:2)
  Jessica (D:2)
  4 iguanas
  7 worker ants
  A hound zombie (D:5)
  2 hound skeletons
  A worker ant zombie (D:8)
  Robin (D:2)
  4 gnolls (D:10)
  13 adders
  6 shadow imps
  2 oozes
  2 adder skeletons
  3 adder zombies
  4 worms
  A dart slug (D:2)
  8 leopard geckos
  53 orcs
  5 giant cockroaches
  13 goblins
  11 hobgoblins
  2 jackals (D:1)
  10 kobolds
  7 quokkas
  A ball python (D:4)
  6 bats
  6 frilled lizards
  A jackal skeleton (D:4)
  2 leopard gecko skeletons
  A quokka skeleton (D:8)
  8 rats
293 creatures vanquished.

Vanquished Creatures (collateral kills)
  A two-headed ogre (D:8)
  An orc (D:8)
2 creatures vanquished.

Vanquished Creatures (others)
  The ghost of Patate the Covert, a novice SpEn of Okawaru (D:4)
  2 dancing weapons
  A plant (D:10)
4 creatures vanquished.

Grand Total: 299 creatures vanquished

Notes
Turn   | Place    | Note
-------+----------+-------------------------------------------
     0 | D:1      | Zwobot the Demonspawn Enchanter began the quest for the Orb.
     0 | D:1      | Reached XP level 1. HP: 13/13 MP: 3/3
   426 | D:1      | Gained mutation: You are partially covered in slimy green scales. (AC +2) [demonic ancestry]
   426 | D:1      | Reached XP level 2. HP: 13/19 MP: 1/5
   432 | D:1      | Learned a level 2 spell: Ensorcelled Hibernation
   845 | D:1      | Found a sparkling altar of Nemelex Xobeh.
  1658 | D:2      | Found a runed door.
  1730 | D:3      | Reached XP level 3. HP: 24/24 MP: 3/6
  1771 | D:2      | Reached skill level 1 in Short Blades
  2024 | D:2      | Reached skill level 1 in Ice Magic
  2029 | D:2      | Learned a level 3 spell: Tukima's Dance
  2257 | D:2      | Reached skill level 3 in Stealth
  2257 | D:2      | Gained mutation: When hurt, damage is shared between your health and your magic reserves. [demonic ancestry]
  2257 | D:2      | Reached XP level 4. HP: 30/30 MP: 4/7
  2552 | D:2      | Noticed Jessica
  2583 | D:2      | Killed Jessica
  2921 | D:2      | Noticed Robin
  2943 | D:2      | Gained mutation: You regenerate magic rapidly. [demonic ancestry]
  2943 | D:2      | Reached XP level 5. HP: 33/35 MP: 1/8
  2989 | D:2      | Killed Robin
  3431 | D:2      | Noticed Crazy Yiuf
  3435 | D:2      | Killed Crazy Yiuf
  3536 | D:3      | Found a hazy altar of Hepliaklqana.
  4032 | D:3      | Found a faded altar of an unknown god.
  4074 | D:3      | Gained mutation: You are mostly covered in slimy green scales. (AC +3) [demonic ancestry]
  4074 | D:3      | Reached XP level 6. HP: 37/41 MP: 1/9
  4181 | D:3      | Noticed Sigmund
  4191 | D:3      | Killed Sigmund
  4191 | D:3      | Reached skill level 4 in Stealth
  4191 | D:3      | Reached skill level 5 in Hexes
  4315 | D:4      | Killed Patate's ghost
  4596 | D:4      | Gained mutation: You have a pair of small horns on your head. [demonic ancestry]
  4596 | D:4      | Reached XP level 7. HP: 43/46 MP: 4/10
  4738 | D:4      | Found a staircase to the Ecumenical Temple.
  4747 | Temple   | Entered the Ecumenical Temple
  4951 | Temple   | Became a worshipper of Gozag Ym Sagoz the Greedy
  5422 | D:5      | Entered Level 5 of the Dungeon
  5483 | D:5      | Learned a level 3 spell: Confuse
  5962 | D:5      | Noticed a moth of wrath
  5964 | D:5      | Found a bloodstained altar of Trog.
  6265 | D:6      | Reached skill level 5 in Stealth
  6274 | D:6      | Reached XP level 8. HP: 43/52 MP: 6/13
  7117 | D:7      | Noticed Prince Ribbit
  7143 | D:7      | Killed Prince Ribbit
  7456 | D:7      | Reached skill level 6 in Stealth
  7456 | D:7      | Reached skill level 5 in Spellcasting
  7608 | D:7      | Gained mutation: You regenerate a little health from kills. [demonic ancestry]
  7608 | D:7      | Reached XP level 9. HP: 57/57 MP: 9/17
  7643 | D:7      | Reached skill level 5 in Short Blades
  7736 | D:7      | Reached skill level 1 in Fighting
  7773 | D:7      | Found Demmeon's Antique Armour Boutique.
  8150 | D:6      | Reached skill level 7 in Stealth
  8454 | D:7      | Bought an encrusted leather armour for 182 gold pieces
  8459 | D:7      | Identified the +1 leather armour of Xomoul {+Blink Regen+ Str+4} (You bought it in a shop on level 7 of the Dungeon)
  8900 | D:8      | Noticed DogShitOnMyToe's ghost (novice VSAs)
  8926 | D:8      | Noticed a two-headed ogre
  8952 | D:8      | Killed a two-headed ogre
  8952 | D:8      | Gained mutation: You have a pair of horns on your head. [demonic ancestry]
  8952 | D:8      | Reached XP level 10. HP: 35/70 MP: 2/19
  9157 | D:8      | Killed DogShitOnMyToe's ghost
  9192 | D:8      | Got a pitted brass ring
  9193 | D:8      | Identified the ring of Uzavov {rElec rF+ Int-2 Dex+3} (You found it on level 8 of the Dungeon)
  9196 | D:8      | Found Garulaev's Jewellery Shop.
  9394 | D:8      | Noticed Psyche
  9402 | D:8      | Killed Psyche
  9402 | D:8      | Reached skill level 8 in Stealth
  9499 | D:8      | Found an iron altar of Okawaru.
  9502 | D:8      | Found a glowing golden altar of the Shining One.
  9505 | D:8      | Found a shadowy altar of Dithmenos.
  9991 | D:9      | Noticed Maurice
  9994 | D:9      | Killed Maurice
  9994 | D:9      | Reached skill level 5 in Dodging
 10122 | D:10     | Entered Level 10 of the Dungeon
 10122 | D:10     | Found Toenan's Assorted Antiques.
 10317 | D:10     | Reached skill level 5 in Fighting
 10370 | D:10     | Noticed Erolcha
 10671 | D:10     | Found a staircase to the Lair.
 10755 | D:10     | Reached XP level 11. HP: 80/80 MP: 20/20
 10761 | D:10     | Found a staircase to the Orcish Mines.
 10761 | D:10     | Noticed Nergalle
 10763 | D:10     | Killed Nergalle
 10763 | D:10     | Reached skill level 9 in Stealth
 10898 | D:10     | Noticed Grum
 10978 | D:10     | Killed Grum
 11233 | D:10     | Found a portal to a secret trove of treasure.
 11235 | D:10     | Noticed a vault guard
 11269 | D:10     | Killed a vault guard
 11599 | D:11     | Noticed a white ugly thing
 11619 | D:11     | Killed a white ugly thing
 11741 | D:11     | Found Nastutoc's Weapon Emporium.
 11778 | D:11     | Noticed an unseen horror
 11780 | D:11     | Killed an unseen horror
 12345 | D:12     | Bought a scroll of random uselessness for 15 gold pieces
 12345 | D:12     | Bought a scroll of noise for 15 gold pieces
 12345 | D:12     | Bought a scroll of teleportation for 45 gold pieces
 12349 | D:12     | Bought a scroll of enchant armour for 112 gold pieces
 12377 | D:12     | Noticed a green ugly thing
 12399 | D:12     | Noticed a red ugly thing
 12399 | D:12     | Killed a green ugly thing
 12405 | D:12     | Killed a red ugly thing
 12563 | D:12     | Reached skill level 10 in Stealth
 12582 | D:12     | Noticed a five-headed hydra
 12630 | D:12     | HP: 3/83 [five-headed hydra (4)]
 12630 | D:12     | Mangled by a five-headed hydra

Skill      XL: |  1  2  3  4  5  6  7  8  9 10 11 |
---------------+----------------------------------+-----
Hexes          | 4 5 6 |  6.5
Short Blades   | 1 2 3 4 6 7 8 |  8.4
Ice Magic      | 1 2 3 |  3.0
Stealth        | 3 4 5 6 7 8 10 | 10.0
Spellcasting   | 3 5 6 |  6.2
Dodging        | 3 5 6 |  6.5
Fighting       | 3 5 6 |  6.8

Action                   |  1- 3 |  4- 6 |  7- 9 | 10-12 || total
-------------------------+-------+-------+-------+-------++-------
Melee: Dagger            |   104 |   144 |   245 |   475 ||   968
       Headbutt          |       |       |    35 |   107 ||   142
       Rapier            |       |       |     7 |     1 ||     8
 Cast: Corona            |     8 |       |       |     2 ||    10
       Ensorcelled Hiber |    26 |    60 |    82 |    66 ||   234
       Tukima's Dance    |       |     1 |     3 |     5 ||     9
       Confuse           |       |       |    26 |    41 ||    67
Invok: Call Merchant     |       |       |       |     2 ||     2
Evoke: Wand              |       |       |     2 |     6 ||     8
  Use: Scroll            |     2 |     1 |     7 |     3 ||    13
       Potion            |       |       |     4 |     1 ||     5
 Stab: Sleeping          |    24 |    35 |    48 |    41 ||   148
       Confused          |       |       |    10 |    12 ||    22
       Distracted        |       |       |     1 |     5 ||     6
  Eat: Chunk             |     6 |    12 |     1 |       ||    19
       Meat ration       |       |       |     3 |     2 ||     5
       Fruit             |       |       |     3 |     3 ||     6
       Royal jelly       |       |       |       |     1 ||     1
Armor: Robe              |    25 |    45 |    53 |       ||   123
       Leather armour    |       |       |    17 |   116 ||   133
       Skin              |       |       |     1 |       ||     1
Dodge: Dodged            |    88 |    85 |   134 |   269 ||   576
